 Dungeon Crawl Stone Soup version 0.27-a0-1105-g946c659c87 (webtiles) character file.

Game seed: 15585724807963198221

84 senseless the Insei (level 4, -3/32 HPs)
             Began as a Merfolk Transmuter on Apr 29, 2021.
             Frozen to death by an endoplasm (5 damage)
             ... on level 2 of the Dungeon.
             The game lasted 00:03:52 (3400 turns).

senseless the Insei (Merfolk Transmuter)            Turns: 3400, Time: 00:03:53

Health: -3/32      AC:  2    Str: 10    XL:     4   Next: 45%
Magic:  6/7        EV: 13    Int: 13    God:
Gold:   94         SH:  0    Dex: 14    Spells: 6/7 levels left

rFire    . . .     SeeInvis .     - Unarmed
rCold    . . .     Faith    .   (no shield)
rNeg     . . .     Spirit   .   a - +0 robe
rPois    .         Reflect  .   (helmet currently unavailable)
rElec    .         Harm     .   (no cloak)
rCorr    .         Rampage  .   (no gloves)
Will     .....                  (boots currently unavailable)
Stlth    ++........             (no amulet)
HPRegen  0.10/turn              (no ring)
MPRegen  0.10/turn              (no ring)

@: appendages
A: horns 2, (nimble swimmer 2), mertail
a: End Transformation


You were on level 2 of the Dungeon.
You had temporarily grown beastly horns.
You visited 1 branch of the dungeon, and saw 2 of its levels.

You collected 94 gold pieces.

Inventory:

Armour
 a - a +0 robe (worn)
Jewellery
 e - a ring of resist corrosion
 i - a ring of protection from cold
Scrolls
 c - a scroll of enchant armour {unknown}
 d - a scroll of identify
 g - a scroll of noise {unknown}
Potions
 b - 4 potions of curing
 f - a potion of might
 h - a potion of heal wounds {unknown}


   Skills:
 + Level 1.4 Fighting
 + Level 3.3 Dodging
 + Level 1.0 Stealth
 + Level 4.2 Unarmed Combat
 + Level 2.4 Spellcasting
 + Level 3.7 Transmutations


You had 6 spell levels left.
You knew the following spells:

 Your Spells              Type           Power      Damage    Failure   Level
a - Beastly Appendage     Tmut           22%        N/A       5%          1

Your spell library contained the following spells:

 Spells                   Type           Power      Damage    Failure   Level
 Wereblood                Tmut           11%        N/A       9%          2
 Animate Skeleton         Necr           2%         N/A       24%         1
 Apportation              Tloc           2%         N/A       24%         1
 Corona                   Hex            1%         N/A       24%         1
 Summon Small Mammal      Summ           4%         N/A       24%         1
 Spider Form              Tmut/Pois      3%         N/A       34%         3
 Ice Form                 Ice/Tmut       6%         N/A       75%         4
 Hydra Form               Tmut           5%         N/A       83%         5


Dungeon Overview and Level Annotations

Branches:
Dungeon (2/15)

Altars:


Innate Abilities, Weirdness & Mutations

You have temporarily grown beastly horns.
((You are quick and stealthy near water. (Stealth+, EV+, Speed+++)))
Your lower body shifts to a powerful aquatic tail in water.


Message History

The endoplasm misses you.
Your transformation is almost over.
You feel sick.
You feel sick.
You are no longer poisoned.
The endoplasm jiggles.
You are too injured to fight recklessly!
You hit the hobgoblin but do no damage.
You headbutt the hobgoblin, but do no damage.
The hobgoblin hits you.
* * * LOW HITPOINT WARNING * * *
You hit the hobgoblin but do no damage. The hobgoblin hits you.
* * * LOW HITPOINT WARNING * * *
You hit the hobgoblin but do no damage. You hit the hobgoblin.
The hobgoblin is severely wounded.
The hobgoblin closely misses you.
You completely miss the hobgoblin.
You punch the hobgoblin, but do no damage.
The hobgoblin is severely wounded.
The hobgoblin barely misses you.
You hit the hobgoblin but do no damage. Your headbutt misses the hobgoblin.
The hobgoblin is severely wounded.
The hobgoblin hits you.
* * * LOW HITPOINT WARNING * * *
You hit the hobgoblin.
You kill the hobgoblin!
Your horns disappear.
You are too injured to fight recklessly!
You are too injured to fight recklessly!
Casting: Beastly Appendage (safe; 5% risk of failure)
Confirm with . or Enter, or press ? or * to list all spells.
You grow a pair of large bovine horns.
The endoplasm freezes you.
You are frozen.
* * * LOW HITPOINT WARNING * * *
You barely miss the endoplasm. The endoplasm freezes you.
You are frozen.
You die...

..........#[#.###..#..#.##.).###.
###.#####.#...#..##.#..#.##.†#..#
###.# #.##.###..##.#..#.#####..
....#####.#..#..#####.#..#.##..##
..........#.###..#..##.#..#.##..#
..........#.#..###..†##.#..#..###
..........####..#rg#..##.#.....#.
..........##..###J##g..##.#..###.
..........###..#@.# .#..##.#..#..
..........#..###.## ##...##..##†.
..........#...'..# #).##.'†.#
..........##.####################
.................................
#........#########.######.##.#
#........# ###.######.##.#
#........#######..........##.#
#...........)..#..........##.#


You could see an endoplasm, a goblin and a rat.

Vanquished Creatures
  2 adders (D:2)
  2 dart slugs (D:2)
  8 ball pythons
  5 bats
  5 endoplasms
  A giant cockroach (D:1)
  6 hobgoblins
  4 jackals (D:1)
  4 quokkas
  3 frilled lizards
  5 goblins
  5 kobolds
  5 rats
55 creatures vanquished.

Notes
Turn   | Place    | Note
-------+----------+-------------------------------------------
     0 | D:1      | senseless the Merfolk Transmuter began the quest for the
                  | Orb.
     0 | D:1      | Reached XP level 1. HP: 15/15 MP: 3/3
   530 | D:1      | Reached XP level 2. HP: 21/21 MP: 3/5
  1300 | D:1      | Reached XP level 3. HP: 22/26 MP: 4/6
  2637 | D:2      | Reached skill level 4 in Unarmed Combat
  2697 | D:2      | Reached XP level 4. HP: 30/32 MP: 5/7
  3167 | D:2      | Reached skill level 1 in Stealth
  3400 | D:2      | Frozen to death by an endoplasm

Illustrated notes

Levels and vault maps discovered:
D:1:      dpeg_arrival_simpleton_b, layout_loops_ring, minmay_crystal_water
D:2:      minmay_razor_zed, layout_basic

Skill      XL: |  1  2  3  4 |
---------------+-------------+-----
Transmutations | 3 |  3.7
Dodging        | 3 |  3.3
Unarmed Combat | 4 |  4.2
Stealth        | 1 |  1.0
Fighting       | |  1.4
Spellcasting   | |  2.4

Action                   |  1- 3 |  4- 6 || total
-------------------------+-------+-------++-------
Melee: Unarmed           |   140 |    51 ||   191
       Headbutt          |    19 |     4 ||    23
       Punch             |     2 |     2 ||     4
 Cast: Beastly Appendage |    33 |     7 ||    40
  Use: Scroll            |     3 |       ||     3
 Stab: Sleeping          |     2 |       ||     2
Armor: Robe              |    22 |     9 ||    31
Dodge: Dodged            |   103 |    27 ||   130

Table legend: (Time is in decaauts)
 A = Elapsed time spent in this place.
 B = Non-inter-level travel time spent in this place.
 C = Inter-level travel time spent in this place.
 D = Time resting spent in this place.
 E = Time spent auto-exploring this place.
 F = Levels seen in this place.
 G = Mean time per level.
                   A        B        C        D        E       F      G
               +--------+--------+--------+--------+--------+-----+--------+
         Total |   3380 |   3354 |     26 |    144 |   2846 |   2 | 1690.0 |
       Dungeon |   3380 |   3354 |     26 |    144 |   2846 |   2 | 1690.0 |
               +--------+--------+--------+--------+--------+-----+--------+

Top non-repeatable levels by time:
     D:1: 1852 daAuts
     D:2: 1528 daAuts
